 Dungeon Crawl Stone Soup version 0.31-a0-246-g8cbcc1cb85 (webtiles) character file.

Game seed: 8869947485779371249

58546 mdonais the Martial Artist (level 14, 0/103 HPs)
             Began as an Octopode Shapeshifter on July 12, 2023.
             Was the Champion of Uskayaw.
             Slain by a manticore (6 damage)
             ... on level 5 of the Lair of Beasts on July 13, 2023.
             The game lasted 01:26:31 (23229 turns).

mdonais the Martial Artist (Octopode Shapeshifter) Turns: 23229, Time: 01:26:31

Health: 0/103      AC:  2    Str: 21    XL:     14   Next: 91%
Magic:  31/31      EV: 22    Int: 17    God:    Uskayaw [******]
Gold:   674        SH:  6    Dex: 26    Spells: 10/13 levels left

rFire   + +          .
                       - Unarmed
rCold   + . .        d - +0 buckler
rNeg    . . .        i - +1 hat of Zin's Castigation {Rampage Regen+ rCorr}
rPois   +            z - amulet of Ycor {Faith rPois Stlth+}
rElec   +            f - ring of protection from fire
rCorr   +            s - ring of Greater Demons {rPois rCorr Int+6 Dex-2 SInv}
SInv    +            c - ring of protection from cold
Will    ++...        r - ring of magical power
Stlth   ++++++++     k - +6 ring of dexterity
HPRegen 1.17/turn    l - ring of Pawaq {rElec Will+ Str+6}
MPRegen 0.22/turn    D - ring of protection from fire
                     B - +6 ring of dexterity

%: rampage, faith
@: maw-form, frozen, studying Stealth, very slow
A: devouring maw, almost no armour, amphibious, 8 rings, camouflage 1,
gelatinous body 1, (nimble swimmer 1), tentacles
a: Renounce Religion, Stomp, Line Pass, Grand Finale


You were on level 5 of the Lair of Beasts.
You worshipped Uskayaw.
Uskayaw was aware of your devotion.
You were a creature with a mouth for a stomach.
You visited 3 branches of the dungeon, and saw 19 of its levels.
You also visited: Bailey and Ice Cave.

You collected 2168 gold pieces.
You spent 1494 gold pieces at shops.

Inventory:

Missiles
 t - 4 boomerangs
 v - 29 poisoned darts
 x - 4 silver javelins
 G - 3 datura-tipped darts (quivered)
 Z - 9 throwing nets {=!f}
Armour
 d - a +0 buckler (worn)
   (You took it off a tengu conjurer on level 11 of the Dungeon)
 i - the +1 hat of Zin's Castigation (worn) {Rampage Regen+ rCorr}
   (You acquired it on level 4 of the Dungeon)

   Regen:     It increases your rate of health regeneration.
   rCorr:     It protects you from acid and corrosion.
   Rampage:   It bestows one free step when moving towards enemies.
 M - a +2 hat of intelligence
   (You took it off Gastronok on level 9 of the Dungeon)
Magical Staves
 S - a staff of earth
   (You found it on level 3 of the Lair of Beasts)
Jewellery
 b - a ring of ice
   (You took it off Fannar on level 10 of the Dungeon)
 c - a ring of protection from cold (on tentacle)
   (You took it off a gnoll bouda in a bailey)
 f - a ring of protection from fire (left tentacle)
   (You found it on level 3 of the Dungeon)
 k - a +6 ring of dexterity (on tentacle)
   (You found it on level 11 of the Dungeon)
 l - the ring of Pawaq (on tentacle) {rElec Will+ Str+6}
   (You found it on level 11 of the Dungeon)

   [ring of strength]

   Str:       It affects your strength (+6).
   rElec:     It insulates you from electricity.
   Will:      It increases your willpower.
 r - a ring of magical power (on tentacle)
   (You found it on level 5 of the Lair of Beasts)
 s - the ring of Greater Demons (right tentacle) {rPois rCorr Int+6 Dex-2 SInv}
   (You found it on level 2 of the Dungeon)

   [ring of see invisible]

   Int:       It affects your intelligence (+6).
   Dex:       It affects your dexterity (-2).
   rPois:     It protects you from poison.
   SInv:      It lets you see invisible.
   rCorr:     It protects you from acid and corrosion.
 z - the amulet of Ycor (around mantle) {Faith rPois Stlth+}
   (You found it on level 10 of the Dungeon)

   [amulet of faith]

   It allows you to gain divine favour quickly.
   rPois:     It protects you from poison.
   Stlth:     It makes you more stealthy.
 B - a +6 ring of dexterity (on tentacle)
   (You found it on level 5 of the Lair of Beasts)
 D - a ring of protection from fire (on tentacle)
   (You found it on level 10 of the Dungeon)
 E - an amulet of guardian spirit
   (You found it on level 3 of the Lair of Beasts)
Talismans
 e - a maw talisman
   (You bought it in a shop on level 9 of the Dungeon)
 P - a beast talisman
Wands
 j - a wand of mindburst (7)
   (You found it on level 2 of the Dungeon)
 p - a wand of roots (6)
   (You found it on level 3 of the Lair of Beasts)
 w - a wand of charming (12)
   (You found it on level 1 of the Lair of Beasts)
 F - a wand of polymorph (11)
   (You found it on level 2 of the Lair of Beasts)
Scrolls
 g - a scroll of revelation
 h - a scroll of enchant weapon
 n - 3 scrolls of immolation
 o - 2 scrolls of torment
 u - 4 scrolls of fog
 y - 2 scrolls of enchant armour
 A - 4 scrolls of vulnerability
 K - 3 scrolls of amnesia
 N - 2 scrolls of noise
 R - a scroll of identify
 T - 5 scrolls of teleportation
 U - a scroll of acquirement
Potions
 a - 3 potions of lignification
 m - 2 potions of might
 H - 2 potions of haste
 I - 3 potions of mutation {unknown}
 J - 2 potions of brilliance {unknown}
 O - a potion of cancellation
 Q - a potion of curing
Miscellaneous
 q - a lightning rod (4/4)
   (You found it on level 11 of the Dungeon)
 C - a piece from Xom's chessboard (15/15)
   (You found it in a bailey)
 X - a box of beasts
   (You found it on level 3 of the Lair of Beasts)


   Skills:
 - Level 12.0 Fighting
 - Level 10.0 Dodging
 - Level 12.0 Stealth
 - Level 4.0 Shields
 + Level 13.0 Unarmed Combat
 - Level 11.0 Invocations
 - Level 6.0 Evocations
 - Level 9.0 Shapeshifting


You had 10 spell levels left.
You knew the following spells:

 Your Spells              Type           Power      Damage    Failure   Level
a - Ozocubu's Armour      Ice            0%         N/A       65%         3

Your spell library contained the following spells:

 Spells                   Type           Power      Damage    Failure   Level
 Slow                     Hex            0%         N/A       28%         1
 Ensorcelled Hibernation  Hex/Ice        0%         N/A       41%         2
 Wereblood                Tmut           0%         N/A       41%         2
 Confusing Touch          Hex            0%         N/A       65%         3
 Frozen Ramparts          Ice            0%         1d1       65%         3
 Hailstorm                Conj/Ice       0%         3d3       65%         3
 Portal Projectile        Hex/Tloc       0%         N/A       65%         3
 Summon Guardian Golem    Hex/Summ       0%         N/A       65%         3
 Tukima's Dance           Hex            0%         N/A       65%         3
 Vampiric Draining        Necr           0%         2d6       65%         3
 Iskenderun's Mystic Bla  Conj/Tloc      0%         2d3       96%         4
 Leda's Liquefaction      Hex/Erth       0%         N/A       96%         4
 Petrify                  Tmut/Erth      0%         N/A       96%         4
 Freezing Cloud           Conj/Ice/Air   0%         6-21      100%        5
 Irradiate                Conj/Tmut      0%         3d11      100%        5
 Lee's Rapid Deconstruct  Erth           0%         3d4*      100%        5
 Metabolic Englaciation   Hex/Ice        0%         N/A       100%        5
 Leda's Unmaking          Conj/Erth      0%         9d1       100%        6
 Orb of Destruction       Conj           0%         9d5       100%        7
 Ozocubu's Refrigeration  Ice            0%         4d7       100%        7
 Spellforged Servitor     Conj/Summ      0%         N/A       100%        7
 Polar Vortex             Ice            0%         N/A       100%        9


Dungeon Overview and Level Annotations

Branches:
Dungeon (12/15) Zot: 22496  Temple (0/1) D:6            Lair (5/5) D:11 Zot: 26050
 Shoals (0/4) Lair:3        Snake (0/4) Lair:2        Slime (0/5) Lair:5
    Orc (2/2) D:11 Zot: 10795  Bailey (visited)           IceCv (visited)
    Elf: Orc:2

Altars:
Cheibriados
Dithmenos
Fedhas
Uskayaw
Jiyva

Shops:
D:9 *   D:10 [   D:11 (

Annotations:
D:10 dig stuff
Lair:2 exclusion: oklob plant


Innate Abilities, Weirdness & Mutations

You are a creature with a mouth for a stomach.
Your midsection houses a second, enormous mouth.
You cannot wear most types of armour.
You are amphibious.
You can wear up to eight rings at the same time.
Your skin changes colour to match your surroundings (Stealth+).
Your rubbery body absorbs attacks. (AC +1, EV +1)
((You are camouflaged when in or above water. (Stealth+)))
You have tentacles for arms and can constrict up to eight enemies at once.


Message History

No target in view!
No target in view!
No target in view!
No target in view!
No target in view!
No target in view!
No target in view!
A wyvern comes into view.
A wyvern is nearby!
A basilisk and 2 elephants come into view.
You block the wyvern's attack.
You batter the wyvern!!
The wyvern is severely wounded.
The elephant trumpets!
The basilisk hisses angrily.
The wyvern completely misses you.
You tentacle-slap the wyvern. You squeeze the wyvern.
You devour half of the wyvern!
You feel better.
You kill the wyvern!
Uskayaw will force your foes to helplessly watch your dance.
You bludgeon the elephant! You bite the elephant!
The elephant is moderately wounded.
The elephant closely misses you. The elephant completely misses you.
Uskayaw prepares the audience for your solo!
The helpless elephant fails to defend itself.
You tentacle-slap the elephant but do no damage.
You squeeze the elephant! You bite the elephant!!
The elephant is almost dead.
Uskayaw will force your foes to share their pain.
Uskayaw links your audience in an emotional bond!
The helpless elephant fails to defend itself.
You batter the elephant!!
You devour a chunk of the elephant!
You feel better.
You kill the elephant!
The elephant is no longer paralysed.
The elephant closely misses you. The elephant trunk-slaps you.
You take 5 damage, and have 98/103 hp.
You bludgeon the elephant!
You tentacle-slap the elephant, but do no damage.
You bite the elephant!!
The elephant is severely wounded.
You can now merge with and destroy a victim.
You batter the elephant!!
You kill the basilisk!
You devour a chunk of the elephant!
You feel better.
You kill the elephant!
Health restored: 103 No target in view!
No target in view!
No target in view!
No target in view!
No target in view!
No target in view!
A torpor snail and a death yak come into view.
There are monsters nearby!
A death yak, a rime drake and a manticore come into view.
Being near the torpor snail leaves you feeling lethargic.
You can no longer merge with and destroy a victim.
Found 415 gold pieces.
You rampage towards the death yak!
The helpless death yak fails to defend itself.
You thrash the death yak!!!
You bite the death yak, but do no damage.
The death yak is heavily wounded.
The death yak barely misses you.
The death yak bellows!
You can now merge with and destroy a victim.
You bludgeon the death yak! You tentacle-slap the death yak!
You squeeze the death yak! You bite the death yak.
You devour half of the death yak!
You feel better.
You kill the death yak!
The rime drake hisses angrily.
The death yak completely misses you. The rime drake closely misses you.
You batter the death yak!! You tentacle-slap the death yak!
You bite the death yak.
The death yak is heavily wounded.
The death yak gores you. The rime drake bites you.
You tentacle-slap the death yak. You bite the death yak.
The death yak is severely wounded.
You feel yourself speed up. The rime drake breathes ice at you.
The icy flash freeze misses you. The death yak gores you!!
You bludgeon the death yak!
The death yak is severely wounded.
The rime drake completely misses you. You block the death yak's attack.
Being near the torpor snail leaves you feeling lethargic.
You take 21 damage, and have 82/103 hp.
MASSIVE DAMAGE!!
You tentacle-slap the death yak.
You squeeze the death yak, but do no damage.
You bite the death yak, but do no damage.
The death yak is severely wounded.
The rime drake bites you. The death yak gores you! The torpor snail bites you!
The rime drake bites you!
You are too injured to fight recklessly!
You are too injured to fight recklessly!
You take 33 damage, and have 49/103 hp.
MASSIVE DAMAGE!!
You tentacle-slap the death yak. You squeeze the death yak.
The death yak is almost dead.
The death yak gores you!!
* * * LOW HITPOINT WARNING * * *
You block the rime drake's attack. The torpor snail bites you!
* * * LOW HITPOINT WARNING * * *
The death yak completely misses you.
You take 34 damage, and have 15/103 hp.
MASSIVE DAMAGE!!
You bludgeon the death yak! You squeeze the death yak.
You devour half of the death yak!
You feel better.
You kill the death yak!
The rime drake breathes ice at you. The icy flash freeze misses you.
The rime drake bites you.
* * * LOW HITPOINT WARNING * * *
Training target 13.0 for Unarmed Combat reached!
Training target 10.0 for Dodging reached!
Your Dodging skill increases to level 10!
Your Unarmed Combat skill increases to level 13!
You need to enable at least one skill for training.
You regained 11 hp, and now have 26/103 hp.
You tentacle-slap the torpor snail but do no damage.
You squeeze the torpor snail. You bite the torpor snail!
The torpor snail is lightly wounded.
The torpor snail completely misses you. You block the rime drake's attack.
The manticore misses you. You block the manticore's attack.
The manticore closely misses you.
You batter the torpor snail!! You bite the torpor snail!
The torpor snail is severely wounded.
The rime drake breathes ice at you. The icy flash freeze misses you.
The manticore completely misses you. You block the manticore's attack.
The manticore closely misses you. The torpor snail bites you!!
* * * LOW HITPOINT WARNING * * *
You take 19 damage, and have 8/103 hp.
You bludgeon the torpor snail! You bite the torpor snail!
You devour half of the torpor snail!
You feel better.
You kill the torpor snail!
You feel yourself speed up. The rime drake misses you.
The manticore misses you. The manticore closely misses you.
The manticore barely misses you. The rime drake breathes ice at you.
The icy flash freeze hits you! You partially resist.
* * * LOW HITPOINT WARNING * * *
You are encased in ice.
You take 4 damage, and have 4/103 hp.
You feel much better. You block the manticore's attack.
The manticore closely misses you. You block the manticore's attack.
The rime drake closely misses you.
You regained 19 hp, and now have 23/103 hp.
You bludgeon the rime drake! You tentacle-slap the rime drake!
You squeeze the rime drake! You bite the rime drake.
The rime drake is almost dead.
The rime drake completely misses you. The manticore bites you!!
* * * LOW HITPOINT WARNING * * *
You block the manticore's attack. The manticore claws you.
You die...

....#####.###..########.###.....#
......# ### #### ### #######
...####### #####.
...##...P####..P.
.#........##.....
..#......##.....#####
#........##.........#
#..#.....##P..#.#H..#
##...########...Wk..#
#..#..##.......###$##
#......#..†#....P###
#......#...#......#
#.#....###.#.....##
####............## ##.P.....P#.##
####.P.##### ###### ###


You could see a manticore and a rime drake.

Vanquished Creatures
  Gastronok (D:9)
  Snorg (Lair:3)
  A rakshasa (D:10)
  Fannar (D:10)
  Erolcha (D:11)
  4 hydras
  3 centaur warriors (D:11)
  3 boulder beetles
  7 two-headed ogres
  11 death yaks
  Nergalle (Orc:1)
  A skyshark (Lair:3)
  A lindwurm (Lair:5)
  Pikel (D:4)
  A necromancer (Lair:4)
  5 ugly things
  2 manticores (D:11)
  2 cyclopes
  5 elephants
  2 ice statues (IceCv)
  7 black mambas
  A torpor snail (Lair:5)
  7 cane toads
  6 rime drakes
  A freezing wraith (IceCv)
  A kobold demonologist (D:9)
  A tengu conjurer (D:11)
  6 komodo dragons
  2 trolls (D:11)
  A polar bear (Lair:4)
  A slime creature (D:11)
  3 vampires
  6 blink frogs
  A shadow (D:10)
  15 wyverns
  2 wraiths
  46 yaks
  4 basilisks
  A steam dragon (D:11)
  A warg (Orc:1)
  2 acid dragons
  A harpy simulacrum (IceCv)
  A swamp drake (D:11)
  17 water moccasins
  8 orc warriors
  3 ice beasts
  2 black bears
  2 sky beasts
  2 elephant zombies (Lair:4)
  6 wolves (Bailey)
  3 ogres
  4 centaurs
  2 lemures (D:4)
  A phantom (D:5)
  4 kobold brigands
  Blork the orc (D:4)
  A komodo dragon zombie (Lair:4)
  24 bullfrogs
  9 gnoll sergeants
  A scorpion (D:7)
  A cane toad simulacrum (IceCv)
  An elephant simulacrum (IceCv)
  10 killer bees
  A howler monkey (D:9)
  An electric eel (Lair:4)
  A basilisk zombie (Lair:4)
  2 hounds (Bailey)
  2 jellies
  6 gnoll boudas
  12 orc priests
  2 sleepcaps
  Jessica (D:2)
  2 iguanas (D:4)
  Natasha (thrice) (D:2)
  Ijyb (D:4)
  4 hell rats (Lair:2)
  12 orc wizards
  A mummy (D:3)
  Robin (D:3)
  22 gnolls
  11 adders
  5 white imps
  An ufetubus (D:7)
  2 dart slugs
  52 orcs
  3 bats
  6 endoplasms
  2 giant cockroaches
  17 goblins
  7 hobgoblins
  A quokka (D:4)
  3 ball pythons
  3 frilled lizards
  27 kobolds
  6 rats
493 creatures vanquished.

Notes
Turn   | Place    | Note
-------+----------+-------------------------------------------
     0 | D:1      | mdonais the Octopode Shapeshifter began the quest for the
                  | Orb.
     0 | D:1      | Reached XP level 1. HP: 14/14 MP: 1/1
    42 | D:1      | Reached skill level 1 in Stealth
   133 | D:1      | Reached XP level 2. HP: 17/19 MP: 2/2
   250 | D:1      | Reached XP level 3. HP: 24/24 MP: 3/3
   531 | D:2      | Noticed Jessica
   736 | D:2      | Noticed Natasha
   742 | D:2      | Killed Natasha
   743 | D:2      | Reached XP level 4. HP: 30/30 MP: 4/4
   795 | D:2      | Noticed Natasha
   802 | D:2      | Killed Natasha
   803 | D:2      | Reached skill level 3 in Unarmed Combat
   841 | D:2      | Noticed Natasha
   846 | D:2      | Killed Natasha
   847 | D:2      | Reached XP level 5. HP: 26/36 MP: 5/5
  1176 | D:3      | Noticed Robin
  1427 | D:3      | Killed Robin
  1619 | D:3      | Found a faded altar of an unknown god.
  1631 | D:3      | Prayed at the altar of an unknown god.
  1631 | D:3      | Became a worshipper of Uskayaw the Reveller
  1631 | D:3      | Reached * piety under Uskayaw
  1799 | D:3      | Found a snail-covered altar of Cheibriados.
  1804 | D:3      | Reached ** piety under Uskayaw
  2027 | D:4      | Noticed Blork the orc
  2124 | D:4      | Identified a scroll of acquirement
  2195 | D:4      | Acquired the +1 hat of Zin's Castigation {Rampage Regen+
                  | rCorr}
  2215 | D:4      | Noticed a lemure
  2376 | D:4      | Noticed a lemure
  2377 | D:4      | Noticed a lemure
  2426 | D:4      | Killed a lemure
  2426 | D:4      | Reached *** piety under Uskayaw
  2489 | D:4      | Reached skill level 1 in Invocations
  2489 | D:4      | Reached XP level 6. HP: 31/43 MP: 6/6
  2739 | D:4      | Killed Blork the orc
  2740 | D:4      | Reached skill level 4 in Unarmed Combat
  2740 | D:4      | Reached skill level 1 in Evocations
  3012 | D:4      | Noticed Ijyb
  3183 | D:4      | Noticed Pikel
  3197 | D:4      | Killed Pikel
  3198 | D:4      | Reached XP level 7. HP: 39/49 MP: 7/9
  3565 | D:2      | Killed Jessica
  3582 | D:2      | Identified the ring of Greater Demons {rPois rCorr Int+6
                  | Dex-2 SInv}
  3633 | D:5      | Entered Level 5 of the Dungeon
  3639 | D:5      | Reached skill level 5 in Fighting
  3644 | D:5      | Reached skill level 5 in Unarmed Combat
  3767 | D:4      | Reached XP level 8. HP: 18/55 MP: 10/10
  3956 | D:5      | Reached **** piety under Uskayaw
  5233 | D:6      | Reached skill level 6 in Unarmed Combat
  5233 | D:6      | Reached skill level 5 in Invocations
  5630 | D:6      | Reached XP level 9. HP: 34/63 MP: 13/13
  5872 | D:6      | Found a staircase to the Ecumenical Temple.
  6516 | D:7      | Reached skill level 7 in Unarmed Combat
  6841 | D:8      | Found a flagged portal.
  6857 | Bailey   | Entered a bailey
  7091 | Bailey   | Reached ***** piety under Uskayaw
  7093 | Bailey   | Reached skill level 5 in Stealth
  7520 | Bailey   | Reached XP level 10. HP: 71/71 MP: 13/15
  7573 | Bailey   | Reached skill level 8 in Unarmed Combat
  7985 | Bailey   | Identified the +11 falchion of Emumapt {vamp, rCorr MP+9
                  | Str+8 Stlth-}
  8295 | D:8      | Noticed a cyclops
  8310 | D:8      | Killed a cyclops
  8311 | D:8      | Reached skill level 5 in Dodging
  9087 | D:8      | Noticed a two-headed ogre
  9136 | D:8      | Reached skill level 9 in Unarmed Combat
  9767 | D:8      | Killed a two-headed ogre
  9768 | D:8      | Reached XP level 11. HP: 54/78 MP: 15/17
  9979 | D:9      | Noticed a two-headed ogre
 10002 | D:9      | Killed a two-headed ogre
 10003 | D:9      | Reached skill level 5 in Shapeshifting
 10174 | D:9      | Identified the +8 mace of Xoul {freeze, rF+ rN++ Will-
                  | rCorr}
 10643 | D:9      | Noticed Gastronok
 10668 | D:9      | Killed Gastronok
 10817 | D:9      | Found Gucvayts's Assorted Antiques.
 10867 | D:9      | Found a shadowy altar of Dithmenos.
 10867 | D:9      | Found a blossoming altar of Fedhas.
 10948 | D:10     | Entered Level 10 of the Dungeon
 11263 | D:10     | Noticed Fannar
 11285 | D:10     | Killed Fannar
 11621 | D:10     | Identified the amulet of Ycor {Faith rPois Stlth+}
 11648 | D:10     | Noticed a cyclops
 11650 | D:10     | Noticed a rakshasa
 11660 | D:10     | Killed a cyclops
 12229 | D:10     | Found Humey's Antique Armour Boutique.
 12613 | D:4      | Killed Ijyb
 13073 | D:11     | Reached skill level 10 in Unarmed Combat
 13077 | D:11     | Reached skill level 10 in Fighting
 13208 | D:11     | Noticed a manticore
 13208 | D:11     | Noticed a centaur warrior
 13208 | D:11     | Noticed a five-headed hydra
 13208 | D:11     | Noticed a centaur warrior
 13208 | D:11     | Noticed a centaur warrior
 13535 | D:11     | Noticed a two-headed ogre
 13684 | D:11     | Noticed a green ugly thing
 13693 | D:12     | Killed a green ugly thing
 13740 | D:12     | Reached XP level 12. HP: 55/87 MP: 18/18
 13849 | D:12     | HP: 4/130 [yak (10)]
 14479 | D:11     | Found a staircase to the Orcish Mines.
 14630 | Orc:1    | Entered Level 1 of the Orcish Mines
 14711 | Orc:1    | Noticed Nergalle
 14722 | Orc:1    | Killed Nergalle
 15197 | Orc:2    | Entered Level 2 of the Orcish Mines
 15611 | D:11     | Killed a centaur warrior
 15613 | D:11     | Noticed a two-headed ogre
 15619 | D:11     | Killed a two-headed ogre
 15941 | D:11     | Killed a centaur warrior
 16247 | D:11     | Noticed a two-headed ogre
 16247 | D:11     | Noticed a two-headed ogre
 16247 | D:11     | Noticed a boulder beetle
 16278 | D:11     | Killed a boulder beetle
 16406 | D:11     | Killed a five-headed hydra
 16686 | D:11     | Killed a centaur warrior
 16694 | D:11     | HP: 1/88 [slime creature (18)]
 16698 | D:11     | Reached ****** piety under Uskayaw
 16987 | D:11     | Killed a two-headed ogre
 17044 | D:11     | Noticed a boulder beetle
 17072 | D:11     | Killed a boulder beetle
 17385 | D:9      | Bought a maw talisman for 1400 gold pieces
 17385 | D:9      | Bought an inky potion for 31 gold pieces
 17385 | D:9      | Bought 2 bubbling clear potions for 63 gold pieces
 17400 | D:9      | Learned a level 3 spell: Ozocubu's Armour
 17553 | D:10     | Killed a rakshasa
 17554 | D:10     | Reached XP level 13. HP: 49/93 MP: 19/19
 17861 | D:10     | Found Humey's Antique Armour Boutique.
 18135 | D:11     | Noticed Erolcha
 18141 | D:11     | Killed Erolcha
 18195 | D:11     | Found Winif's Hydra Hut.
 18255 | D:11     | Identified the ring of Pawaq {rElec Will+ Str+6}
 18439 | D:11     | Reached skill level 5 in Evocations
 18595 | D:11     | Found a staircase to the Lair.
 18931 | Lair:1   | Entered Level 1 of the Lair of Beasts
 19129 | Lair:1   | Reached skill level 11 in Unarmed Combat
 19690 | Lair:2   | Reached skill level 10 in Invocations
 19981 | Lair:2   | Found a staircase to the Snake Pit.
 20100 | Lair:2   | You fall into a shaft and drop 2 floors!
 20366 | Lair:3   | Found a frozen archway.
 20376 | IceCv    | Entered an ice cave
 20379 | IceCv    | Found a transporter.
 20397 | IceCv    | Found a transporter.
 20432 | IceCv    | Got Sif Muna's Incunable of Crystal
 20523 | Lair:3   | Noticed Snorg
 20531 | Lair:3   | Killed Snorg
 20800 | Lair:3   | Found a staircase to the Shoals.
 20803 | Lair:3   | Reached XP level 14. HP: 101/101 MP: 21/21
 21084 | Lair:2   | Reached skill level 10 in Stealth
 22740 | Lair:5   | Entered Level 5 of the Lair of Beasts
 22803 | Lair:5   | Reached skill level 12 in Unarmed Combat
 23026 | Lair:5   | Found a staircase to the Slime Pits.
 23057 | Lair:5   | Found a viscous altar of Jiyva.
 23225 | Lair:5   | Reached skill level 10 in Dodging
 23225 | Lair:5   | Reached skill level 13 in Unarmed Combat
 23227 | Lair:5   | HP: 4/103 [rime drake/icy flash freeze (17)]
 23229 | Lair:5   | Slain by a manticore

Illustrated notes

Levels and vault maps discovered:
D:1:      wheals_arrival_shading, layout_basic
D:2:      layout_loops_ring, minmay_gold_behind_fungi, uniq_jessica,
          uniq_natasha
D:3:      layout_loops_ring, slow_altar_2, hellmonk_ecumenical_altar_zigzags,
          uniq_robin
D:4:      layout_layer_cave, uniq_ijyb, uniq_pikel, uniq_blork_the_orc
D:5:      layout_loops_ring
D:6:      layout_layer_cave, minmay_temple_entry_offerings,
          nicolae_figureground_sparkle
D:7:      layout_loops_cross
D:8:      layout_basic, enter_bailey_5, nicolae_wwwww, kennysheep_kite_vault
D:9:      layout_gridville, gammafunk_temple_overflow_elements, serial_shops,
          nicolae_shop_pleasant_corner_grove, uniq_gastronok
D:10:     layout_irregular_city, serial_shops, nicolae_lakefront_shop,
          due_unseen_surprise, uniq_fannar
D:11:     minmay_the_grid_octo_tiled_squarecenter
          [minmay_the_grid_octo_odd_swirl, minmay_the_grid_octo_clover_2,
          minmay_the_grid_octo_empty, minmay_the_grid_octo_checkered,
          minmay_the_grid_square_5x5_megaprize_open,
          minmay_the_grid_square_5x5_empty,
          minmay_the_grid_square_5x5_spiral_small, minmay_the_grid_square_5x5_v,
          minmay_the_grid_square_5x5_two_walls_b], layout_cave_pools,
          erik_lair_dragon, erik_orc_1, serial_column_ruins,
          column_ruins_hut_ruined, column_ruins_open_tiny, column_ruins_grid_1,
          column_ruins_columns_corner, column_ruins_open_small,
          doesnt_shop_hydraphobe, uniq_erolcha
D:12:     minmay_polygon_palace, layout_gridville, serial_bayou,
          serial_bayou_crossing, serial_bayou_lagoon_a, serial_bayou_pond_a,
          serial_bayou_ford_a, worms_lemuel
Lair:1:   layout_regular_city
Lair:2:   layout_regular_city, minmay_snake_entry_six_corridors,
          minmay_lair_oklob_bushes, serial_bayou_shore_b
Lair:3:   layout_layer_cave, elwin_shoals_entry_rocks, portal_ice_cave_rime,
          beast_lair_carwin_1, uniq_snorg
Lair:4:   pond_and_an_island_with_a_cottage, layout_hall_layers
Lair:5:   hangedman_lair_in_review, layout_loops_ring, slime_entry_1
Orc:1:    layout_caves, uniq_nergalle
Orc:2:    grunt_orc_tribal_feast, layout_caves, gammafunk_ghost_smash,
          nicolae_specific_store, mines5_lemuel

Skill      XL: |  1  2  3  4  5  6  7  8  9 10 11 12 13 14 |
---------------+-------------------------------------------+-----
Stealth        | 2 3 4 5 6 9 12 | 12.0
Fighting       | 3 4 5 6 7 8 10 11 12 | 12.0
Unarmed Combat | 3 4 5 6 7 9 10 11 13 | 13.0
Invocations    | 1 3 5 6 8 10 11 | 11.0
Evocations     | 3 4 5 6 |  6.0
Dodging        | 3 4 6 7 8 10 | 10.0
Shapeshifting  | 4 5 9 |  9.0
Shields        | 2 4 |  4.0

Action                     |  1- 3 |  4- 6 |  7- 9 | 10-12 | 13-15 || total
---------------------------+-------+-------+-------+-------+-------++-------
  Melee: Unarmed           |    40 |    73 |   122 |   428 |   366 ||  1029
         Constrict         |    11 |    23 |    30 |    53 |    50 ||   167
         Tentacles         |     6 |    16 |    38 |   110 |   120 ||   290
         Punch             |       |     2 |     8 |    40 |    49 ||    99
         Maw               |       |       |       |     8 |   176 ||   184
   Fire: Sling             |       |    23 |   190 |   117 |       ||   330
         Shortbow          |       |       |       |    74 |       ||    74
  Throw: Dart              |       |       |       |    17 |     5 ||    22
         Javelin           |       |       |       |    21 |     1 ||    22
         Boomerang         |       |       |       |     2 |    15 ||    17
 Invoke: Line Pass         |       |       |     1 |       |       ||     1
  Evoke: Wand              |       |     6 |     1 |    18 |     2 ||    27
    Use: Scroll            |       |     7 |     2 |    13 |     5 ||    27
         Potion            |       |       |       |    14 |     3 ||    17
   Stab: Sleeping          |     7 |     9 |     1 |     8 |    37 ||    62
         Paralysed         |       |       |     3 |    60 |    49 ||   112
         Distracted        |       |       |       |       |     2 ||     2
 Armour: Skin              |     1 |     2 |     7 |    94 |     7 ||   111
  Dodge: Dodged            |    22 |    31 |   136 |   302 |   159 ||   650
  Block: Buckler           |       |       |       |       |    66 ||    66
         Form:             |       |     1 |       |     1 |       ||     2
         Beast             |       |     1 |       |     1 |       ||     2
         Maw               |       |       |       |     1 |       ||     1

Table legend: (Time is in decaauts)
 A = Elapsed time spent in this place.
 B = Non-inter-level travel time spent in this place.
 C = Inter-level travel time spent in this place.
 D = Time resting spent in this place.
 E = Time spent auto-exploring this place.
 F = Levels seen in this place.
 G = Mean time per level.
                   A        B        C        D        E       F      G
               +--------+--------+--------+--------+--------+-----+--------+
         Total |  23407 |  21694 |   1713 |   5063 |  11647 |  21 | 1114.6 |
       Dungeon |  16611 |  15134 |   1477 |   3829 |   8183 |  12 | 1384.2 |
          Lair |   3949 |   3749 |    200 |     91 |   2836 |   5 |  789.8 |
  Orcish Mines |   1204 |   1169 |     35 |    608 |    398 |   2 |  602.0 |
        Bailey |   1533 |   1533 |      0 |    492 |    228 |   1 | 1533.0 |
      Ice Cave |    109 |    109 |      0 |     42 |      2 |   1 |  109.0 |
               +--------+--------+--------+--------+--------+-----+--------+

Top non-repeatable levels by time:
    D:11: 2951 daAuts
    D:10: 2491 daAuts
     D:4: 1832 daAuts
     D:8: 1735 daAuts
     D:5: 1547 daAuts
  Bailey: 1533 daAuts
     D:9: 1341 daAuts
   Orc:1: 1187 daAuts
  Lair:3: 995 daAuts
    D:12: 954 daAuts
     D:7: 871 daAuts
     D:3: 864 daAuts
  Lair:4: 850 daAuts
  Lair:2: 833 daAuts
     D:2: 818 daAuts
